 Dungeon Crawl Stone Soup version 0.31-a0-851-g7ff8af7976 (webtiles) character file.

Game seed: 11982846199837881949

98 Dirtsage the Chopper (level 4, -1/35 HPs)
             Began as a Demonspawn Berserker on Oct 5, 2023.
             Was a Believer of Trog.
             Succumbed to an orc wizard's poison
             ... on level 3 of the Dungeon.
             The game lasted 00:03:01 (1359 turns).

Dirtsage the Chopper (Demonspawn Berserker)         Turns: 1359, Time: 00:03:02

Health: -1/35      AC: 18    Str: 20    XL:     4   Next: 43%
Magic:  4/4        EV: 11    Int:  8    God:    Trog [**....]
Gold:   152        SH:  0    Dex: 12    Spells: 3/3 levels left

rFire   . . .        a - +0 hand axe
rCold   . . .        (no shield)
rNeg    . . .        e - +0 ring mail
rPois   .            (no helmet)
rElec   .            d - +0 cloak
rCorr   .            g - +2 pair of gloves
SInv    .            (no boots)
Will    .....        (no amulet)
Stlth   +            (no ring)
HPRegen 0.25/turn    (no ring)
MPRegen 0.09/turn

%: no passive effects
@: lethally poisoned (-1 -> -17), sanguine armoured, on berserk cooldown,
slowed, very slow
A: demonic guardian 1, sanguine armour 2
a: Renounce Religion, Berserk, Trog's Hand


You were on level 3 of the Dungeon.
You worshipped Trog.
Trog was pleased with you.
You visited 1 branch of the dungeon, and saw 3 of its levels.

You collected 152 gold pieces.

Inventory:

Hand Weapons
 a - a +0 hand axe (weapon)
Armour
 b - a +0 animal skin
 d - a +0 cloak (worn)
 e - a +0 ring mail (worn)
 g - a +2 pair of gloves (worn)
Scrolls
 c - 4 scrolls of identify {unknown}
 f - 2 scrolls of summoning {unknown}
 h - a scroll of torment {unknown}
 i - a scroll of noise {unknown}
 j - a scroll of poison {unknown}


   Skills:
 - Level 3.0 Fighting
 + Level 4.8 Axes
 - Level 1.7 Armour
 - Level 1.7 Dodging


You had 3 spell levels left.
You didn't know any spells.
Your spell library contained the following spells:

 Spells                   Type           Power      Damage    Failure   Level
 Ozocubu's Armour         Ice            0%         N/A       91%         3
 Ozocubu's Refrigeration  Ice            0%         4d7       100%        7


Dungeon Overview and Level Annotations

Branches:
Dungeon (3/15)

Altars:


Innate Abilities, Weirdness & Mutations

A weak demonic guardian rushes to your aid.
When seriously injured, your blood forms thick armour. (AC +9)


Message History

You hear some strange, mumbled words.
A magic dart appears from out of thin air!
The magic dart hits you!
You take 10 damage, and have 22/52 hp.
You closely miss something.
You feel sick. Something hits you but does no damage.
You are lethally poisoned!
You take 2 damage, and have 20/52 hp.
You hit something.
You feel very sick. Something hits you but does no damage.
You are more poisoned.
You take 4 damage, and have 16/52 hp.
You slash something! Trog accepts your kill.
Trog appreciates your killing of a magic user.
Reactivating autopickup.
You feel a bit more experienced.
* * * LOW HITPOINT WARNING * * *
You feel very sick.
You take 4 damage, and have 12/52 hp.
* * * LOW HITPOINT WARNING * * *
You feel very sick.
Things that are here:
a +2 dagger of venom; a +0 robe You take 5 damage, and have 7/52 hp.
There is a lethal amount of poison in your body!
There is a lethal amount of poison in your body!
There is a lethal amount of poison in your body!
You feel a strong urge to attack something.
* * * LOW HITPOINT WARNING * * *
You feel very sick.
You take 3 damage, and have 4/52 hp.
* * * LOW HITPOINT WARNING * * *
You feel very sick.
You take 3 damage, and have 1/52 hp.
You feel your anger nearly subside.
You are no longer berserk.
You are exhausted.
You feel yourself slow down.
You die...

.. ..# #..# #
. ... ....
#.#.#.#
#..#### #
#.#.#.# ......
#........ ....
....#.#.####.#
........)....#
.......@.....#
#[..########.#
# # #.#.#
#######.#.#
#.........#
#.#####.###
#.# #.# # #.#


There were no monsters in sight!

Vanquished Creatures
  Jessica (D:2)
  An orc wizard (D:3)
  An adder (D:2)
  2 dart slugs (D:1)
  2 orcs (D:3)
  3 bats (D:1)
  An endoplasm (D:2)
  2 giant cockroaches
  4 goblins
  5 hobgoblins
  3 kobolds
  A ball python (D:1)
  3 frilled lizards (D:1)
  5 rats (D:1)
34 creatures vanquished.

Notes
Turn   | Place    | Note
-------+----------+-------------------------------------------
     0 | D:1      | Dirtsage the Demonspawn Berserker began the quest for the
                  | Orb.
     0 | D:1      | Reached XP level 1. HP: 18/18 MP: 1/1
    25 | D:1      | Reached skill level 3 in Axes
    69 | D:1      | Gained mutation: A weak demonic guardian rushes to your
                  | aid. [demonic ancestry]
    69 | D:1      | Reached XP level 2. HP: 22/24 MP: 2/2
   711 | D:2      | Reached skill level 4 in Axes
   711 | D:2      | Gained mutation: When seriously injured, your blood forms
                  | armour. (AC +9) [demonic ancestry]
   711 | D:2      | Reached XP level 3. HP: 29/29 MP: 3/3
   718 | D:2      | Found a faded altar of an unknown god.
   728 | D:2      | Noticed Jessica
   737 | D:2      | Killed Jessica
   798 | D:2      | Reached ** piety under Trog
   992 | D:2      | Gained mutation: When seriously injured, your blood forms
                  | thick armour. (AC +9) [demonic ancestry]
   992 | D:2      | Reached XP level 4. HP: 35/35 MP: 4/4
  1358 | D:3      | HP: 1/52 [poisoned by an orc wizard]
  1359 | D:3      | Succumbed to an orc wizard's poison

Illustrated notes

Levels and vault maps discovered:
D:1:      onia_arrival_handbag, layout_rooms, dreamdust_mushroom_princess
D:2:      layout_loops_ring, basic_ecumenical_altar, uniq_jessica
D:3:      layout_basic, overflow_temple_1_default, hex_tiny

Skill      XL: |  1  2 |
---------------+-------+-----
Axes           | 3 4 |  4.8
Fighting       | |  3.0
Armour         | |  1.7
Dodging        | |  1.7

Action                     |  1- 3 |  4- 6 || total
---------------------------+-------+-------++-------
  Melee: Hand axe          |    95 |    20 ||   115
         Punch             |       |     1 ||     1
 Invoke: Berserk           |       |     1 ||     1
 Armour: Animal skin       |    24 |       ||    24
         Ring mail         |    38 |    12 ||    50
         Skin              |     1 |       ||     1
  Dodge: Dodged            |    62 |     9 ||    71

Table legend: (Time is in decaauts)
 A = Elapsed time spent in this place.
 B = Non-inter-level travel time spent in this place.
 C = Inter-level travel time spent in this place.
 D = Time resting spent in this place.
 E = Time spent auto-exploring this place.
 F = Levels seen in this place.
 G = Mean time per level.
                   A        B        C        D        E       F      G
               +--------+--------+--------+--------+--------+-----+--------+
         Total |   1373 |   1337 |     36 |      0 |   1063 |   3 |  457.7 |
       Dungeon |   1373 |   1337 |     36 |      0 |   1063 |   3 |  457.7 |
               +--------+--------+--------+--------+--------+-----+--------+

Top non-repeatable levels by time:
     D:2: 704 daAuts
     D:1: 529 daAuts
     D:3: 139 daAuts
